HSSL
BROOKLINE HS WARRIORS @ EVANS HS KNIGHTS
04/04/2025
 
TOP OF THE 1ST
Brookline HS Warriors batting - Pitching for Evans HS Knights : RHP Jeff Beatty
Pitching: RHP Jeff Beatty
Batting: RHB Francisco Durango 0-0: Ground out 1-3 (Groundball, 13)
Batting: LHB Desmond Huth 0-0: Ball
1-0: Called Strike
1-1: Ball
2-1: Bunt for hit - play at first, batter OUT! 2-3
Batting: RHB Marcos Liñares 0-0: Ball
1-0: Called Strike
1-1: Ball
2-1: SINGLE (Groundball, 6M)
Batting: RHB Tom McBride 0-0: Called Strike
0-1: Called Strike
0-2: Ball
1-2: Foul Ball, location: 2F
1-2: Strikes out swinging
Top of the 1st over - 0 run(s), 1 hit(s), 0 error(s), 1 left on base; Brookline HS 0 - Evans HS 0
BOTTOM OF THE 1ST
Evans HS Knights batting - Pitching for Brookline HS Warriors : RHP Tom Reed
Pitching: RHP Tom Reed
Batting: RHB Ronnie Rogers 0-0: Foul Ball, location: 2F
0-1: Ball
1-1: Called Strike
1-2: Ball
2-2: Foul Ball, location: 2F
2-2: Ball
3-2: SINGLE (Line Drive, 4M)
Batting: RHB Harvey Mawhinney 0-0: Ball
1-0: Called Strike
1-1: Foul Ball, location: 2F
1-2: Foul Ball, location: 2F
1-2: Ball
2-2: Foul Ball, location: 2F
2-2: Ball
3-2: Fly out, F8 (Flyball, 8LXD)
Runner from 1st tags up, OUT at 2nd
Batting: SHB Bryan Atkins 0-0: Swinging Strike
0-1: Ball
1-1: Ball
2-1: Called Strike
2-2: Strikes out swinging
Bottom of the 1st over - 0 run(s), 1 hit(s), 0 error(s), 0 left on base; Brookline HS 0 - Evans HS 0
TOP OF THE 2ND
Brookline HS Warriors batting - Pitching for Evans HS Knights : RHP Jeff Beatty
Batting: SHB Luis Rodríguez 0-0: Ball
1-0: Ball
2-0: Ball
3-0: Called Strike
3-1: Base on Balls
Batting: LHB Phil Bishop 0-0: Called Strike
0-1: Ball
1-1: Fly out, F5 (Popup, 56D)
Batting: RHB Ben Bond 0-0: Ball
1-0: Swinging Strike
1-1: SINGLE (Line Drive, 6MD)
Luis Rodríguez to second
Batting: RHB Owen Jenkins 0-0: SINGLE (Groundball, 34D)
Luis Rodríguez to third
Ben Bond to second
Runner from 3rd tries for Home, SAFE, throw made home
Now in RF: Bill Rice
Batting: RHB Bob Bishop 0-0: Fly out, F8 (Flyball, 8RM)
Batting: RHB Francisco Durango 0-0: Ball
1-0: Foul Ball, location: 2F
1-1: Foul Ball, location: 2F
1-2: Ground out 5-3 (Groundball, 56S)
Top of the 2nd over - 1 run(s), 2 hit(s), 0 error(s), 2 left on base; Brookline HS 1 - Evans HS 0
BOTTOM OF THE 2ND
Evans HS Knights batting - Pitching for Brookline HS Warriors : RHP Tom Reed
Batting: LHB Quinn Webb 0-0: Called Strike
0-1: Ground out 4-3 (Groundball, 4M)
Batting: LHB Gerald Murphy 0-0: Ball
1-0: Foul Ball, location: 2F
1-1: Ball
2-1: Ball
3-1: Base on Balls
Batting: SHB Brandon Hathaway 0-0: Called Strike
0-1: Called Strike
0-2: Strikes out looking
Batting: LHB Nick Weber 0-0: Called Strike
0-1: Ball
1-1: Swinging Strike
1-2: Ball
2-2: Foul Ball, location: 2F
2-2: Foul Ball, location: 2F
2-2: Hit by Pitch
Gerald Murphy to second
Batting: RHB David Banks 0-0: Called Strike
0-1: Called Strike
0-2: Strikes out looking
Bottom of the 2nd over - 0 run(s), 0 hit(s), 0 error(s), 2 left on base; Brookline HS 1 - Evans HS 0
TOP OF THE 3RD
Brookline HS Warriors batting - Pitching for Evans HS Knights : RHP Jeff Beatty
Batting: LHB Desmond Huth 0-0: Bunted foul
0-1: Ball
1-1: Ground out 4-3 (Groundball, 4)
Batting: RHB Marcos Liñares 0-0: Called Strike
0-1: Ball
1-1: Swinging Strike
1-2: SINGLE (Groundball, 56S)
Batting: RHB Tom McBride 0-0: Called Strike
0-1: Called Strike
0-2: Foul Ball, location: 2F
0-2: Ball
1-2: Foul Ball, location: 2F
1-2: Strikes out swinging
Batting: SHB Luis Rodríguez 0-0: Ball
Marcos Liñares steals 2nd base
1-0: Ball
2-0: Called Strike
2-1: Swinging Strike
2-2: Foul Ball, location: 2F
2-2: Foul Ball, location: 2F
2-2: Foul Ball, location: 2F
2-2: Strikes out swinging
Top of the 3rd over - 0 run(s), 1 hit(s), 0 error(s), 1 left on base; Brookline HS 1 - Evans HS 0
BOTTOM OF THE 3RD
Evans HS Knights batting - Pitching for Brookline HS Warriors : RHP Tom Reed
Batting: LHB Billy Raymond Reached via error on a dropped throw, E3
Batting: RHB Ronnie Rogers 0-0: Called Strike
0-1: Grounds into double play, U6-3 (Groundball, 6M)
Batting: RHB Harvey Mawhinney 0-0: Called Strike
0-1: Ball
1-1: Foul Ball, location: 2F
1-2: Ball
2-2: Foul Ball, location: 2F
2-2: Ball
3-2: Strikes out swinging
Bottom of the 3rd over - 0 run(s), 0 hit(s), 1 error(s), 0 left on base; Brookline HS 1 - Evans HS 0
TOP OF THE 4TH
Brookline HS Warriors batting - Pitching for Evans HS Knights : RHP Jeff Beatty
Batting: LHB Phil Bishop 0-0: Called Strike
0-1: Ball
1-1: Ball
2-1: Bunt for hit - play at first, batter safe!
Batting: RHB Ben Bond 0-0: Ball
1-0: Ball
2-0: Called Strike
2-1: Foul Ball, location: 2F
2-2: Foul Ball, location: 2F
2-2: Ball
3-2: Strikes out looking
Batting: RHB Owen Jenkins 0-0: Ball
1-0: Called Strike
1-1: Called Strike
1-2: Ball
2-2: Strikes out looking
Batting: RHB Bob Bishop 0-0: Ball
1-0: Ball
2-0: Ball
3-0: Called Strike
3-1: Base on Balls
Phil Bishop to second
Batting: RHB Francisco Durango 0-0: Called Strike
0-1: Called Strike
0-2: SINGLE (Flyball, 78S)
Phil Bishop to third
Bob Bishop to second
Runner from 3rd tries for Home, SAFE, no throw or cutoff
Batting: LHB Desmond Huth 0-0: Ball
1-0: Fly out, F8 (Flyball, 8LM)
Top of the 4th over - 1 run(s), 2 hit(s), 0 error(s), 2 left on base; Brookline HS 2 - Evans HS 0
BOTTOM OF THE 4TH
Evans HS Knights batting - Pitching for Brookline HS Warriors : RHP Tom Reed
Batting: RHB Bill Rice 0-0: Foul Ball, location: 2F
0-1: Swinging Strike
0-2: Ball
1-2: Ground out 4-3 (Groundball, 4)
Batting: LHB Quinn Webb 0-0: Ball
1-0: Called Strike
1-1: Foul Ball, location: 2F
1-2: Foul Ball, location: 2F
1-2: Ball
2-2: Ball
3-2: Base on Balls
Batting: LHB Gerald Murphy 0-0: Called Strike
0-1: Foul Ball, location: 2F
0-2: Foul Ball, location: 2F
0-2: Ball
1-2: Strikes out swinging
Batting: SHB Brandon Hathaway 0-0: Ball
1-0: Swinging Strike
1-1: Ball
2-1: Ball
3-1: Foul Ball, location: 2F
3-2: Foul Ball, location: 2F
3-2: Foul Ball, location: 2F
3-2: Ground out 4-3 (Groundball, 4)
Bottom of the 4th over - 0 run(s), 0 hit(s), 0 error(s), 1 left on base; Brookline HS 2 - Evans HS 0
TOP OF THE 5TH
Brookline HS Warriors batting - Pitching for Evans HS Knights : RHP Jeff Beatty
Batting: RHB Marcos Liñares 0-0: Ball
1-0: Ball
2-0: Ball
3-0: Called Strike
3-1: Called Strike
3-2: Foul Ball, location: 2F
3-2: SINGLE (Groundball, 56)
Pitching: LHP Mel Hart
Batting: RHB Tom McBride 0-0: Ball
1-0: Swinging Strike
1-1: Called Strike
1-2: Strikes out looking
Batting: SHB Luis Rodríguez 0-0: Ball
1-0: Ball
2-0: Ball
3-0: Called Strike
3-1: Foul Ball, location: 2F
3-2: Base on Balls
Marcos Liñares to second
Batting: LHB Phil Bishop 0-0: Ball
1-0: Fielders Choice at 2nd, 4-6 (Groundball, 34)
Marcos Liñares to third
Batting: RHB Ben Bond 0-0: Ball
1-0: Foul Ball, location: 2F
1-1: Ball
2-1: Ball
3-1: Fly out, F8 (Line Drive, 8LM)
Top of the 5th over - 0 run(s), 1 hit(s), 0 error(s), 2 left on base; Brookline HS 2 - Evans HS 0
BOTTOM OF THE 5TH
Evans HS Knights batting - Pitching for Brookline HS Warriors : RHP Tom Reed
Batting: LHB Nick Weber 0-0: Ball
1-0: Foul Ball, location: 2F
1-1: Called Strike
1-2: Foul Ball, location: 2F
1-2: Strikes out looking
Batting: RHB David Banks 0-0: Called Strike
0-1: Foul Ball, location: 2F
0-2: Ball
1-2: Strikes out looking
Batting: LHB Billy Raymond 0-0: Ball
1-0: Ball
2-0: Called Strike
2-1: Fly out, F7 (Line Drive, 7M)
Bottom of the 5th over - 0 run(s), 0 hit(s), 0 error(s), 0 left on base; Brookline HS 2 - Evans HS 0
TOP OF THE 6TH
Brookline HS Warriors batting - Pitching for Evans HS Knights : LHP Mel Hart
Batting: RHB Owen Jenkins 0-0: Ground out 5-3 (Groundball, 56)
Batting: RHB Bob Bishop 0-0: Ball
1-0: Ball
2-0: Ball
3-0: Called Strike
3-1: Base on Balls
Batting: RHB Francisco Durango 0-0: Called Strike
0-1: Ball
1-1: TRIPLE (Line Drive, 8LM)
Bob Bishop scores
Batting: LHB Desmond Huth 0-0: Ball
1-0: Ball
2-0: Called Strike
2-1: Ball
Steal of home, Francisco Durango is safe
3-1: Foul Ball, location: 2F
3-2: Strikes out swinging
Batting: RHB Marcos Liñares 0-0: Ball
1-0: Called Strike
1-1: Called Strike
1-2: Ball
2-2: Foul Ball, location: 2F
2-2: Fly out, F9 (Flyball, 89M)
Top of the 6th over - 2 run(s), 1 hit(s), 0 error(s), 0 left on base; Brookline HS 4 - Evans HS 0
BOTTOM OF THE 6TH
Evans HS Knights batting - Pitching for Brookline HS Warriors : RHP Tom Reed
Pitching: RHP Keith Feltham
Batting: RHB Ronnie Rogers 0-0: Called Strike
0-1: Fly out, F9 (Flyball, 9S)
Batting: RHB Harvey Mawhinney 0-0: Ball
1-0: Called Strike
1-1: Swinging Strike
1-2: Ball
2-2: Foul Ball, location: 2F
2-2: Foul Ball, location: 2F
2-2: Ball
3-2: Ground out 4-3 (Groundball, 4)
Batting: RHB Bill Rice 0-0: Ball
1-0: Called Strike
1-1: Foul Ball, location: 2F
1-2: Foul Ball, location: 2F
1-2: Foul Ball, location: 2F
1-2: Ball
2-2: Fly out, F8 (Flyball, 89M)
Bottom of the 6th over - 0 run(s), 0 hit(s), 0 error(s), 0 left on base; Brookline HS 4 - Evans HS 0
TOP OF THE 7TH
Brookline HS Warriors batting - Pitching for Evans HS Knights : LHP Mel Hart
Pitching: RHP Tim Johnston
Batting: RHB Tom McBride 0-0: Ball
1-0: Ball
2-0: Called Strike
2-1: Foul Ball, location: 2F
2-2: Foul Ball, location: 2F
2-2: Foul Ball, location: 2F
2-2: Foul Ball, location: 2F
2-2: Ball
3-2: Base on Balls
Batting: SHB Luis Rodríguez 0-0: Ball
1-0: Called Strike
1-1: Called Strike
1-2: Foul Ball, location: 2F
1-2: Ball
2-2: Strikes out looking
Batting: LHB Phil Bishop 0-0: Ball
1-0: Fly out, F8 (Line Drive, 8LM)
Batting: RHB Ben Bond 0-0: Foul Ball, location: 2F
0-1: Called Strike
0-2: Strikes out swinging
Top of the 7th over - 0 run(s), 0 hit(s), 0 error(s), 1 left on base; Brookline HS 4 - Evans HS 0
BOTTOM OF THE 7TH
Evans HS Knights batting - Pitching for Brookline HS Warriors : RHP Keith Feltham
Batting: LHB Quinn Webb 0-0: Swinging Strike
0-1: Hit by Pitch
Batting: LHB Gerald Murphy 0-0: Foul Ball, location: 2F
0-1: Ball
1-1: Ball
2-1: Foul Ball, location: 2F
2-2: Foul Ball, location: 2F
2-2: Strikes out looking
Batting: SHB Brandon Hathaway 0-0: Fly out, F7 (Line Drive, 78S)
Batting: LHB Nick Weber 0-0: Fly out, F8 (Flyball, 8LM)
Bottom of the 7th over - 0 run(s), 0 hit(s), 0 error(s), 1 left on base; Brookline HS 4 - Evans HS 0
TOP OF THE 8TH
Brookline HS Warriors batting - Pitching for Evans HS Knights : RHP Tim Johnston
Batting: RHB Owen Jenkins 0-0: Called Strike
0-1: Swinging Strike
0-2: Ball
1-2: Strikes out swinging
Batting: RHB Bob Bishop 0-0: SINGLE (Groundball, 4)
Batting: RHB Francisco Durango 0-0: Reached on Error, E7 (Flyball, 78M)
Bob Bishop to second
Batting: LHB Desmond Huth 0-0: Ball
1-0: Called Strike
1-1: Ball
2-1: SINGLE (Line Drive, 89S)
Bob Bishop to third
Francisco Durango to second
Batting: RHB Marcos Liñares 0-0: Ball
1-0: Foul Ball, location: 2F
1-1: GRAND SLAM HOME RUN (Flyball, 9D), Distance : 395 ft
Batting: RHB Tom McBride 0-0: Ball
1-0: Called Strike
1-1: Called Strike
1-2: Fly out, F7 (Flyball, 78M)
Batting: SHB Luis Rodríguez 0-0: Ball
1-0: SINGLE (Groundball, 56D) (infield hit)
Batting: LHB Phil Bishop 0-0: Ball
1-0: Ball
2-0: Fly out, F7 (Flyball, 78M)
Top of the 8th over - 4 run(s), 4 hit(s), 1 error(s), 1 left on base; Brookline HS 8 - Evans HS 0
BOTTOM OF THE 8TH
Evans HS Knights batting - Pitching for Brookline HS Warriors : RHP Keith Feltham
Pitching: LHP Roger James
Now at 1B: Patrick Chávez
Batting: RHB David Banks 0-0: Ball
1-0: SOLO HOME RUN (Line Drive, 7D), Distance : 402 ft
Batting: LHB Billy Raymond 0-0: Ball
1-0: Ball
2-0: Called Strike
2-1: Ball
3-1: Base on Balls
Batting: RHB Ronnie Rogers 0-0: Ball
1-0: Ball
2-0: Foul Ball, location: 2F
2-1: Ball
3-1: Base on Balls
Billy Raymond to second
Batting: RHB Harvey Mawhinney 0-0: Called Strike
0-1: Foul Ball, location: 2F
0-2: Foul Ball, location: 2F
0-2: DOUBLE (Line Drive, 3)
Billy Raymond scores
Ronnie Rogers to third
Batting: RHB Bill Rice 0-0: Fly out, F9 (Flyball, 89M)
Runner from 3rd tags up, SCORES, no throw
Pitching: RHP Wally O'Dowling
Batting: LHB Quinn Webb 0-0: Foul Ball, location: 2F
0-1: Ball
1-1: Ground out 3-1 (Groundball, 3)
Harvey Mawhinney to third
Batting: LHB Gerald Murphy 0-0: Swinging Strike
0-1: Foul Ball, location: 2F
0-2: Ball
1-2: Strikes out swinging
Bottom of the 8th over - 3 run(s), 2 hit(s), 0 error(s), 1 left on base; Brookline HS 8 - Evans HS 3
TOP OF THE 9TH
Brookline HS Warriors batting - Pitching for Evans HS Knights : RHP Tim Johnston
Pitching: RHP Ron Williams
Batting: RHB Ben Bond 0-0: Called Strike
0-1: Ball
1-1: Ground out 5-3 (Groundball, 56S)
Batting: RHB Owen Jenkins 0-0: Foul Ball, location: 2F
0-1: Ball
1-1: Ball
2-1: Foul Ball, location: 2F
2-2: Ball
3-2: Strikes out swinging
Batting: RHB Bob Bishop 0-0: Called Strike
0-1: Ball
1-1: Called Strike
1-2: Foul Ball, location: 2F
1-2: Strikes out swinging
Top of the 9th over - 0 run(s), 0 hit(s), 0 error(s), 0 left on base; Brookline HS 8 - Evans HS 3
BOTTOM OF THE 9TH
Evans HS Knights batting - Pitching for Brookline HS Warriors : RHP Wally O'Dowling
Batting: SHB Brandon Hathaway 0-0: Swinging Strike
0-1: Ball
1-1: Ball
2-1: Foul Ball, location: 2F
2-2: Ball
3-2: Base on Balls
Batting: LHB Nick Weber 0-0: Ball
1-0: Ball
2-0: Called Strike
2-1: Ball
3-1: Swinging Strike
3-2: Foul Ball, location: 2F
3-2: Base on Balls
Brandon Hathaway to second
Batting: RHB David Banks 0-0: Ball
1-0: Foul Ball, location: 2F
1-1: Foul Ball, location: 2F
1-2: Reached on error, E5 (Groundball, 56S)
Brandon Hathaway to third
Nick Weber to second
Pitching: RHP Kirby Graham
Batting: LHB Billy Raymond 0-0: Ball
1-0: Ball
2-0: Foul Ball, location: 2F
2-1: Fly out, F5 (Popup, 5SF)
Batting: RHB Ronnie Rogers 0-0: Foul Ball, location: 2F
0-1: Ground out 6-3 (Groundball, 6MS)
Brandon Hathaway scores
Nick Weber to third
David Banks to second
Batting: RHB Harvey Mawhinney 0-0: Foul Ball, location: 2F
0-1: Ball
1-1: Ball
2-1: Ball
3-1: Base on Balls
Batting: RHB Bill Rice 0-0: Called Strike
0-1: Ball
1-1: Foul Ball, location: 2F
1-2: Strikes out swinging
Bottom of the 9th over - 1 run(s), 0 hit(s), 1 error(s), 3 left on base; Brookline HS 8 - Evans HS 4
This league is powered by Out of the Park Baseball, the baseball management simulation game for PC, Mac and Linux
Tuesday, August 2nd, 2016 - OOTP Baseball 16.8 Build 38